 Dungeon Crawl Stone Soup version 0.31-a0-145-g046c7d2549 (webtiles) character file.

Game seed: 7336851777558070299

593 qw the Skirmisher (level 7, -8/61 HPs)
             Began as a Minotaur Hunter on June 7, 2023.
             Mangled by a gnoll
             ... wielding a +0 flail
              (11 damage)
             ... on level 5 of the Dungeon.
             The game lasted 00:01:29 (3168 turns).

qw the Skirmisher (Minotaur Hunter)                 Turns: 3168, Time: 00:01:29

Health: -8/61      AC:  7    Str: 15    XL:     7   Next: 16%
Magic:  6/6        EV:  6    Int:  6    God:
Gold:   70         SH:  0    Dex: 22    Spells: 6/6 levels left

rFire   . . .        c - +0 arbalest
rCold   + . .        (shield currently unavailable)
rNeg    . . .        d - +0 ring mail
rPois   .            (helmet restricted)
rElec   .            (no cloak)
rCorr   .            h - +0 pair of gloves
SInv    .            k - +0 pair of boots
Will    .....        (no amulet)
Stlth   +            f - +6 ring of dexterity
HPRegen 0.30/turn    i - ring of protection from cold
MPRegen 0.10/turn

%: no passive effects
@: held
A: horns 2, retaliatory headbutt
a: no special abilities


You were on level 5 of the Dungeon.
You visited 1 branch of the dungeon, and saw 5 of its levels.

You collected 236 gold pieces.
You spent 166 gold pieces at shops.


Innate Abilities, Weirdness & Mutations

You have a pair of horns on your head.
You reflexively headbutt those who attack you in melee.


   Skills:
 - Level 5.2 Fighting
 - Level 8.1 Ranged Weapons
 + Level 1.2 Armour
 - Level 3.1 Dodging
 - Level 0.7 Stealth


You had 6 spell levels left.
You didn't know any spells.
Your spell library was empty.

Inventory:

Hand Weapons
 c - a +0 arbalest (weapon)
Armour
 d - a +0 ring mail (worn)
 h - a +0 pair of gloves (worn)
 k - a +0 pair of boots (worn)
Jewellery
 f - a +6 ring of dexterity (left hand)
 i - a ring of protection from cold (right hand)
Scrolls
 a - 4 scrolls of teleportation
Potions
 b - 4 potions of curing
 e - a potion of invisibility {unknown}
 g - a potion of haste
 j - a potion of ambrosia {unknown}

Dungeon Overview and Level Annotations

Branches:
Dungeon (5/15)
 Temple: D:4-7

Altars:
Cheibriados
Gozag
Sif Muna
Wu Jian
The Shining One

Shops:
D:1 [   D:4 ((*([


Message History

What level of the Dungeon? (default 1, ? - help)
You see here an adder corpse.
There is a stone staircase leading down here.
You climb downwards.
The gnoll shouts!
Found a stone staircase leading down.
There is a stone staircase leading up here.
There are monsters nearby!
Waypoint 4 assigned to D:5.
You shoot a bolt. The bolt closely misses the gnoll.
The gnoll shouts!
You hear a shout!
The gnoll throws a throwing net.
The throwing net barely misses you.
You shoot a bolt. The bolt hits the gnoll!!
You kill the gnoll!
A gnoll comes into view.
It is wielding a +0 whip of electrocution.
The gnoll throws a throwing net.
The throwing net hits you.
You become entangled in the net!
The gnoll hits you with a +0 whip of electrocution.
You are electrocuted!
The gnoll barely misses you. You furiously retaliate!
You headbutt the gnoll, but do no damage.
The gnoll barely misses you.
The gnoll hits you with a +0 whip of electrocution.
The gnoll hits you but does no damage. The gnoll barely misses you.
You furiously retaliate!
You headbutt the gnoll, but do no damage.
The gnoll completely misses you.
The gnoll hits you with a +0 whip of electrocution.
The gnoll hits you but does no damage.
You tear a large gash into the net.
A hound comes into view.
The gnoll hits you with a +0 whip of electrocution.
The gnoll hits you with a +0 flail.
The hound barks!
The gnoll hits you with a +0 whip of electrocution.
You are electrocuted!
The gnoll barely misses you. The hound bites you.
The gnoll hits you with a +0 whip of electrocution.
You are electrocuted!
The gnoll hits you with a +0 flail!
You die...

# ..
###.##.
##.......
#@h#
..)...gg##
..#######


You could see a hound and 2 gnolls.

Vanquished Creatures
  An ogre (D:4)
  2 phantoms (D:4)
  A scorpion (D:4)
  2 hounds (D:4)
  2 iguanas
  Natasha (twice) (D:2)
  A gnoll (D:5)
  6 adders
  An ufetubus (D:4)
  2 worms (D:3)
  A dart slug (D:3)
  6 orcs
  5 bats
  6 endoplasms
  A giant cockroach (D:1)
  5 goblins
  5 hobgoblins
  3 quokkas
  5 ball pythons
  6 frilled lizards
  7 kobolds
  4 rats
74 creatures vanquished.

Notes
Turn   | Place    | Note
-------+----------+-------------------------------------------
     0 | D:1      | qw the Minotaur Hunter began the quest for the Orb.
     0 | D:1      | Reached XP level 1. HP: 18/18 MP: 0/0
     0 | D:1      | 0 ||| qw: Version: 0.2-a-117-gc6b5c8b
     0 | D:1      | 0 ||| qw: Game counter: 2412
     0 | D:1      | 0 ||| qw: Always use a shield: true
     0 | D:1      | 0 ||| qw: God list: Okawaru
     0 | D:1      | 0 ||| qw: Allow faded altars: false
     0 | D:1      | 0 ||| qw: Do Orc after D:15 true
     0 | D:1      | 0 ||| qw: Do second Lair branch before Depths: true
     0 | D:1      | 0 ||| qw: Lair rune preference: random
     0 | D:1      | 0 ||| qw: Plans: Normal
     0 | D:1      | 0 ||| PLANNING D:1-11
   200 | D:1      | Reached XP level 2. HP: 25/25 MP: 1/1
   261 | D:1      | Found Moddio Joladd's Armour Shoppe.
   267 | D:1      | 267 ||| SHOPLISTING +0 leather armour of cold resistance
                  | (90 gold, have 7).
   267 | D:1      | 267 ||| SHOPLISTING +2 robe of cold resistance (177 gold,
                  | have 7).
   291 | D:1      | Reached skill level 5 in Ranged Weapons
   432 | D:1      | Reached skill level 3 in Fighting
   594 | D:1      | 594 ||| UPGRADING to +0 ring mail.
   604 | D:1      | 604 ||| DROPPING +0 leather armour.
   605 | D:1      | 605 ||| UPGRADING to +6 ring of dexterity.
   606 | D:1      | 606 ||| UPGRADING to ring of protection from cold.
   607 | D:1      | 607 ||| READING scroll labelled OXEEMUISUI.
   608 | D:1      | 608 ||| READING 2 scrolls labelled ONIGOB HIOXA.
   609 | D:1      | 609 ||| READING scroll labelled UMEMNO UMOQYA.
   612 | D:1      | 612 ||| DROPPING scroll of butterflies.
   613 | D:1      | 613 ||| DROPPING scroll of immolation.
   626 | D:2      | Found a faded altar of an unknown god.
   667 | D:2      | Reached skill level 1 in Armour
   708 | D:2      | Reached XP level 3. HP: 31/31 MP: 2/2
   817 | D:2      | Noticed Natasha
   824 | D:2      | Killed Natasha
   825 | D:2      | Reached XP level 4. HP: 24/38 MP: 3/3
   939 | D:2      | Reached skill level 6 in Ranged Weapons
  1037 | D:2      | Noticed Natasha
  1042 | D:2      | Killed Natasha
  1212 | D:2      | 1212 ||| DROPPING ring of ice.
  1213 | D:2      | 1213 ||| DRINKING 3 bubbling pink potions.
  1444 | D:3      | Reached XP level 5. HP: 44/46 MP: 4/4
  1627 | D:3      | Found a snail-covered altar of Cheibriados.
  1865 | D:3      | Found an opulent altar of Gozag.
  1865 | D:3      | Found a shimmering blue altar of Sif Muna.
  1960 | D:3      | Found a faded altar of an unknown god.
  1965 | D:3      | Found an ornate altar of the Wu Jian Council.
  2056 | D:3      | 2056 ||| READING scroll labelled DOGGUX QEPYL.
  2057 | D:3      | 2057 ||| READING scroll labelled YTIOMU IWYUMECIUSU.
  2058 | D:3      | 2058 ||| READING scroll labelled OCEISU PAUFADO.
  2060 | D:3      | 2060 ||| Stepping ~*~*~tactically~*~*~ (cloud).
  2208 | D:4      | Found Auon's Alliterative Accessories.
  2216 | D:4      | 2216 ||| SHOPLISTING +0 acid dragon scales (480 gold, have
                  | 190).
  2216 | D:4      | 2216 ||| BUYING +0 arbalest (54 gold).
  2216 | D:4      | Bought a +0 arbalest for 54 gold pieces
  2216 | D:4      | 2216 ||| SHOPLISTING scroll of acquirement (624 gold, have
                  | 136).
  2216 | D:4      | 2216 ||| SWAPPING to +0 arbalest.
  2217 | D:4      | 2217 ||| DROPPING +0 shortbow.
  2295 | D:4      | Found Deroffiu's Weapon Emporium.
  2348 | D:4      | 2348 ||| FLEEEEING.
  2367 | D:4      | 2367 ||| STAIRDANCE
  2371 | D:4      | 2371 ||| STAIRDANCE
  2375 | D:4      | 2375 ||| STAIRDANCE
  2379 | D:4      | 2379 ||| STAIRDANCE
  2383 | D:4      | 2383 ||| STAIRDANCE
  2387 | D:4      | 2387 ||| STAIRDANCE
  2391 | D:4      | 2391 ||| STAIRDANCE
  2395 | D:4      | 2395 ||| STAIRDANCE
  2399 | D:4      | 2399 ||| STAIRDANCE
  2403 | D:4      | 2403 ||| STAIRDANCE
  2407 | D:4      | 2407 ||| STAIRDANCE
  2411 | D:4      | 2411 ||| STAIRDANCE
  2415 | D:4      | 2415 ||| STAIRDANCE
  2419 | D:4      | 2419 ||| STAIRDANCE
  2423 | D:4      | 2423 ||| STAIRDANCE
  2427 | D:4      | 2427 ||| STAIRDANCE
  2431 | D:4      | 2431 ||| STAIRDANCE
  2435 | D:4      | 2435 ||| STAIRDANCE
  2439 | D:4      | 2439 ||| STAIRDANCE
  2443 | D:4      | 2443 ||| STAIRDANCE
  2466 | D:4      | 2466 ||| FLEEEEING.
  2486 | D:4      | 2486 ||| FLEEEEING.
  2506 | D:4      | 2506 ||| FLEEEEING.
  2526 | D:4      | 2526 ||| FLEEEEING.
  2546 | D:4      | 2546 ||| FLEEEEING.
  2567 | D:4      | 2567 ||| FLEEEEING.
  2568 | D:4      | 2568 ||| FLEEEEING.
  2633 | D:4      | Reached skill level 7 in Ranged Weapons
  2633 | D:4      | Noticed a phantom
  2635 | D:4      | Found Ohewuc's Antique Weapon Boutique.
  2638 | D:4      | Reached skill level 3 in Dodging
  2638 | D:4      | Reached XP level 6. HP: 52/52 MP: 5/5
  2791 | D:4      | Reached skill level 8 in Ranged Weapons
  2800 | D:4      | Found Koxodoc's Antique Weapon Emporium.
  2838 | D:4      | Found Ecsareh's Antique Armour Shoppe.
  2847 | D:4      | 2847 ||| SHOPLISTING bloodstained ring mail (225 gold, have
                  | 182).
  2847 | D:4      | 2847 ||| BUYING pair of boots (112 gold).
  2847 | D:4      | Bought a pair of boots for 112 gold pieces
  2847 | D:4      | 2847 ||| SHOPLISTING pair of ichor-stained boots (237 gold,
                  | have 70).
  2894 | D:4      | Reached XP level 7. HP: 54/60 MP: 6/6
  3007 | D:4      | Found a glowing golden altar of the Shining One.
  3088 | D:4      | 3088 ||| UPGRADING to +0 pair of gloves.
  3093 | D:4      | 3093 ||| UPGRADING to +0 pair of boots.
  3153 | D:5      | Entered Level 5 of the Dungeon
  3168 | D:5      | HP: 13/61 [gnoll/+0 whip of electrocution (6)]
  3168 | D:5      | HP: 3/61 [gnoll/+0 whip of electrocution (10)]
  3168 | D:5      | Mangled by a gnoll

Levels and vault maps discovered:
D:1:      lightli_iron_boxes, layout_loops_cross, serial_shops,
          nicolae_shop_hallway_stairs, minmay_misc_feat_cross,
          roderic_malta_cross
D:2:      layout_rooms, nicolae_ecumenical_pavilion, hex_medium,
          chequers_serial_rivers_micro_e, minmay_tall_x, uniq_natasha
D:3:      cheibrodos_old_hovel, layout_basic, nicolae_overflow_ecumenical_swirl,
          lemuel_coloured_pillars_altar, grunt_temple_overflow_open
D:4:      layout_basic, tso_oasis_becter, serial_shops, shop, shop, shop,
          nicolae_take_the_stairs, dk_vineyard_3, nicolae_alphabet_shops
D:5:      layout_rooms, amcnicky_mini_pool_small, uniq_prince_ribbit1,
          uniq_menkaure, uniq_pikel

Skill      XL: |  1  2  3  4  5  6  7 |
---------------+----------------------+-----
Ranged Weapons | 5 6 7 8 |  8.1
Fighting       | 3 4 5 |  5.2
Armour         | 1 |  1.2
Dodging        | 3 |  3.1
Stealth        | |  0.7

Action                     |  1- 3 |  4- 6 |  7- 9 || total
---------------------------+-------+-------+-------++-------
   Fire: Shortbow          |    94 |    58 |       ||   152
         Arbalest          |       |    32 |    13 ||    45
    Use: Scroll            |     3 |     3 |       ||     6
         Potion            |       |     1 |       ||     1
 Armour: Leather armour    |     6 |       |       ||     6
         Ring mail         |    14 |     5 |     2 ||    21
  Dodge: Dodged            |    20 |    19 |     7 ||    46

Table legend:
 A = Non-vault XP
 B = Vault XP
 C = Vault XP percentage of total XP
 D = Non-vault monster count
 E = Vault monster count
 F = Vault count percentage of total count
                 A         B        C        D         E       F
            +---------+---------+-------+---------+---------+-------
      Total |     792 |      56 |   6.6 |      68 |       6 |   8.1
            +---------+---------+-------+---------+---------+-------
        D:1 |      29 |       0 |   0.0 |      18 |       0 |   0.0
        D:2 |      72 |      54 |  42.9 |      17 |       5 |  22.7
        D:3 |      79 |       2 |   2.5 |      14 |       1 |   6.7
        D:4 |     597 |       0 |   0.0 |      18 |       0 |   0.0
        D:5 |      15 |       0 |   0.0 |       1 |       0 |   0.0
            +---------+---------+-------+---------+---------+-------
